 Dungeon Crawl Stone Soup version 0.25.1-8-g42b30a86e7 (webtiles) character file.

Game seed: 4488338299763641076

13694 hawla the Thaumaturge (level 11, -15/77 HPs)
             Began as a Yellow Draconian Conjurer on Dec 19, 2020.
             Was a Follower of Ashenzari.
             Demolished by a slime creature (19 damage)
             ... on level 12 of the Dungeon.
             The game lasted 01:03:08 (19717 turns).

hawla the Thaumaturge (Yellow Draconian Conjurer)  Turns: 19717, Time: 01:03:09

Health: -15/77     AC: 10    Str: 11    XL:     11   Next: 78%
Magic:  1/25       EV: 11    Int: 27    God:    Ashenzari [*.....]
Gold:   690        SH:  3    Dex: 12    Spells: 3/30 levels left

rFire    + . .     SeeInvis .   D - +1 war axe of Qingosits {flame, Int+6} (curse)
rCold    + . .     Gourm    .   I - +0 buckler (curse)
rNeg     + . .     Faith    .   (armour unavailable)
rPois    .         Spirit   .   e - +2 hat {Int+3} (curse)
rElec    .         Reflect  .   (no cloak)
rCorr    +         Harm     .   g - +0 pair of gloves
MR       +++..     Clarity  +   (no boots)
Stlth    ++........             B - amulet of the Four Winds {rN+ MR+++ Clar} (curse)
HPRegen  0.22/turn              q - ring of protection from fire
MPRegen  0.19/turn              n - ring of protection from cold

@: frozen ramparts, hasted, very quick
A: spit acid, unfitting armour, cold-blooded, acid resistance, AC +7
a: Breathe Acid, Curse Item, Scrying, Renounce Religion


You were on level 12 of the Dungeon.
You worshipped Ashenzari.
Ashenzari was aware of your devotion.
You were very hungry.

You visited 2 branches of the dungeon, and saw 13 of its levels.

You collected 757 gold pieces.
You spent 67 gold pieces at shops.

Inventory:

Hand Weapons
 D - the cursed +1 war axe of Qingosits (weapon) {flame, Int+6}
   (You found it on level 7 of the Dungeon)

   It has been specially enchanted to burn those struck by it, causing extra
   injury to most foes and up to half again as much damage against particularly
   susceptible opponents.
   Big, fiery blades are also staple armaments of hydra-hunters.
   It affects your intelligence (+6).
   It has a curse placed upon it.
Missiles
 t - 8 boomerangs
 y - 5 curare-tipped darts
 J - 16 poisoned darts (quivered)
Armour
 e - a cursed +2 hat of intelligence (worn)
 g - a +0 pair of gloves (worn)
 I - a cursed +0 buckler (worn)
Jewellery
 n - a ring of protection from cold (right hand)
 q - a ring of protection from fire (left hand)
 s - an uncursed ring of protection from cold
 B - the cursed amulet of the Four Winds (around neck) {rN+ MR+++ Clar}
   (You took it off an orc on level 7 of the Dungeon)

   [amulet of nothing]

   It protects you from negative energy.
   It affects your resistance to hostile enchantments.
   It protects you against confusion.
   It has a curse placed upon it.
 E - a +4 ring of evasion
Wands
 c - a wand of iceblast (7)
 p - a wand of paralysis (6)
 v - a wand of flame (14)
 w - a wand of digging (9)
 A - a wand of disintegration (19)
Scrolls
 f - a scroll of magic mapping
 h - 2 scrolls of fear
 j - 4 scrolls of identify
 k - a scroll of enchant weapon
 l - 6 scrolls of remove curse
 m - 2 scrolls of amnesia
 o - 2 scrolls of fog
 u - 4 scrolls of enchant armour
 C - 2 scrolls of summoning {unknown}
 F - a scroll of immolation {unknown}
 G - 4 scrolls of teleportation
 L - a scroll of blinking
Potions
 a - a potion of brilliance
 d - 3 potions of haste
 i - 3 potions of stabbing
 x - 3 potions of might
 z - a potion of cancellation {unknown}
 K - a potion of resistance {unknown}
Miscellaneous
 H - 2 phantom mirrors
Comestibles
 b - 31 rations


   Skills:
 - Level 1.3 Fighting
   Level 1.0 Short Blades
 + Level 7.7 Axes
 - Level 1.7 Dodging
 - Level 1.7 Stealth
 - Level 0.4 Unarmed Combat
 + Level 10.0 Spellcasting
 - Level 8.6 Conjurations
 - Level 2.4 Charms
 + Level 2.5 Summonings
 - Level 6.5 Translocations
 + Level 6.8 Ice Magic
 - Level 5.0 Air Magic


You had 3 spell levels left.
You knew the following spells:

 Your Spells              Type           Power        Failure   Level  Hunger
a - Magic Dart            Conj           ####         1%          1    None
b - Searing Ray           Conj           ######       1%          2    None
c - Iskenderun's Mystic   Conj/Tloc      ######..     3%          4    None
d - Hailstorm             Conj/Ice       ######..     3%          4    None
e - Ozocubu's Armour      Chrm/Ice       #####...     3%          3    None
f - Frozen Ramparts       Ice            ######       1%          3    None
g - Airstrike             Air            #####.....   9%          4    None
h - Summon Ice Beast      Ice/Summ       #####...     11%         4    None
i - Swiftness             Chrm/Air       ####....     2%          2    None

Your spell library contained the following spells:

 Spells                   Type           Power        Failure   Level  Hunger
 Foxfire                  Conj/Fire      ####         1%          1    None
 Freeze                   Ice            ####         1%          1    None
 Shock                    Conj/Air       ####         1%          1    None
 Static Discharge         Conj/Air       ######..     1%          3    None
 Ensorcelled Hibernation  Hex/Ice        ####..       2%          2    None
 Dazzling Flash           Conj/Hex       #####.       3%          3    None
 Corona                   Hex            ##.....      7%          1    None
 Confusing Touch          Hex            ##......     22%         3    None
 Tukima's Dance           Hex            ##......     22%         3    None
 Fulminant Prism          Conj/Hex       #####.....   12%         4    None
 Lightning Bolt           Conj/Air       ######....   12%         5    ####...
 Ice Form                 Ice/Tmut       ####....     17%         4    None
 Fireball                 Conj/Fire      #####.....   32%         5    ####...


Dungeon Overview and Level Annotations

Branches:
Dungeon (12/15)            Temple (1/1) D:6            Lair (0/6) D:9
    Orc (0/2) D:11

Altars:
Ashenzari
Cheibriados
Dithmenos
Elyvilon
Fedhas
Gozag
Hepliaklqana
Kikubaaqudgha
Makhleb
Nemelex Xobeh
Okawaru
Qazlal
Ru
Sif Muna
Trog
Uskayaw
Vehumet
Wu Jian
Xom
Yredelemnul
Zin
The Shining One

Shops:
D:11 }([   D:12 *

Annotations:
D:9 3 runed translucent doors, hehateme's ghost, novice GnWz


Innate Abilities, Weirdness & Mutations

You can spit globs of acid.
Your golden yellow scales are hard. (AC +7)
You cannot fit into any form of body armour.
You are cold-blooded and may be slowed by cold attacks.
You are resistant to acid. (rCorr)


Message History

You feel better.
The wall freezes the slime creature.
The slime creature hits you!
* * * LOW HITPOINT WARNING * * *
Your icy armour cracks and falls away as you move.
The wall freezes the slime creature!
Okay, then.
Okay, then.
Casting: Searing Ray (safe; 1% risk of failure)
Confirm with . or Enter, or press ? or * to list all spells.
You don't know that spell.
Casting: Searing Ray (safe; 1% risk of failure)
Confirm with . or Enter, or press ? or * to list all spells.
Okay, then.
You feel better.
The wall freezes the slime creature.
The slime creature misses you.
You feel yourself speed up.
The wall freezes the slime creature!
The slime creature hits you!!
* * * LOW HITPOINT WARNING * * *
The wall freezes the slime creature.
The slime creature hits you!!
You die...

....#...#........#.....##...#
....#####........#.....##...#
....# #........#.....##...#
....# #........#......'...#
....# #........+....).#...#
....# #......<.#..(...#...#
....### #........###...##...#
###...#.....#J####(..##...#
......'.....#.@...........#
......#.....#.....(.......#
..... #.....#....(.....^..#
#### #.....###############
#######


You could see a slime creature.

Vanquished Creatures
  Harold (D:8)
  2 unseen horrors
  An ugly thing (D:11)
  2 manticores (D:11)
  A cyclops (D:11)
  An elephant (D:9)
  Joseph (D:7)
  Maggie (D:7)
  A kobold demonologist (D:8)
  2 trolls
  2 hornets (D:8)
  10 slime creatures
  A yak (D:9)
  A wyvern (D:9)
  4 hogs (D:8)
  A human (D:8)
  2 basilisks (D:9)
  A hungry ghost (D:7)
  A water moccasin (D:6)
  4 orc warriors
  An ice beast (D:10)
  3 sky beasts
  A necrophage (D:9)
  A phantom (D:8)
  An ogre (D:12)
  2 centaurs
  2 big kobolds (D:7)
  6 bullfrogs
  2 gnoll sergeants
  A water moccasin zombie (D:12)
  5 scorpions
  5 wights
  A water moccasin skeleton (D:8)
  3 howler monkeys
  4 electric eels (D:10)
  2 centaur zombies
  2 crimson imps
  A quasit (D:5)
  3 bullfrog zombies
  A jelly (D:9)
  4 gnoll shamans (D:6)
  5 orc priests
  3 hounds
  17 orc wizards
  3 centaur skeletons
  A bullfrog skeleton (D:9)
  An iguana (D:7)
  4 worker ants
  A killer bee zombie (D:7)
  A hound zombie (D:8)
  2 howler monkey zombies
  2 worker ant zombies
  12 adders
  56 gnolls
  A howler monkey skeleton (D:4)
  A shadow imp (D:5)
  2 adder skeletons (D:4)
  An adder zombie (D:7)
  2 worms (D:2)
  50 orcs
  A ball python (D:5)
  5 bats
  A giant cockroach (D:1)
  5 goblins
  7 hobgoblins
  25 jackals
  5 quokkas
  9 frilled lizards
  A jackal zombie (D:5)
  16 kobolds
  A leopard gecko zombie (D:6)
  A quokka zombie (D:5)
  5 rats
  A plant (D:10)
339 creatures vanquished.

Vanquished Creatures (others)
  5 plants
5 creatures vanquished.

Grand Total: 344 creatures vanquished

Notes
Turn   | Place    | Note
-------+----------+-------------------------------------------
     0 | D:1      | hawla the Draconian Conjurer began the quest for the Orb.
     0 | D:1      | Reached XP level 1. HP: 14/14 MP: 3/3
   363 | D:1      | Reached XP level 2. HP: 20/20 MP: 3/5
   804 | D:1      | Learned a level 2 spell: Searing Ray
  1128 | D:2      | Reached skill level 1 in Fighting
  1249 | D:2      | Reached XP level 3. HP: 28/28 MP: 3/6
  1461 | D:2      | Reached skill level 5 in Conjurations
  1823 | D:2      | Reached XP level 4. HP: 35/35 MP: 3/7
  1836 | D:2      | Reached skill level 1 in Short Blades
  2150 | D:3      | Learned a level 4 spell: Iskenderun's Mystic Blast
  2293 | D:3      | Found a blossoming altar of Fedhas.
  2542 | D:3      | Found a radiant altar of Vehumet.
  2563 | D:3      | Reached skill level 1 in Translocations
  2567 | D:3      | Reached XP level 5. HP: 31/40 MP: 0/8
  2573 | D:3      | Became a worshipper of Vehumet
  3377 | D:4      | Reached XP level 6. HP: 41/47 MP: 1/9
  3617 | D:4      | Found a shadowy altar of Dithmenos.
  3972 | D:4      | Found a glowing silver altar of Zin.
  3974 | D:4      | Found a blossoming altar of Fedhas.
  3974 | D:4      | Found a shimmering altar of Xom.
  3976 | D:4      | Found a hide-covered altar of Uskayaw.
  3976 | D:4      | Found an ancient bone altar of Kikubaaqudgha.
  3976 | D:4      | Found a sacrificial altar of Ru.
  4341 | D:5      | Entered Level 5 of the Dungeon
  4380 | D:5      | Your scales start taking on a golden yellow colour.
  4380 | D:5      | Reached XP level 7. HP: 46/52 MP: 1/10
  4380 | D:5      | Gained mutation: You are resistant to acid. (rCorr) [Yellow
                  | Draconian growth]
  4530 | D:5      | Found a snail-covered altar of Cheibriados.
  4556 | D:5      | Reached * piety under Vehumet
  4556 | D:5      | Offered knowledge of Foxfire by Vehumet.
  4602 | D:5      | Found a burning altar of Makhleb.
  4664 | D:5      | Found a sparkling altar of Nemelex Xobeh.
  4902 | D:5      | Reached skill level 5 in Translocations
  5276 | D:5      | Found a white marble altar of Elyvilon.
  5400 | D:5      | Reached skill level 3 in Spellcasting
  5948 | D:5      | Found a basalt altar of Yredelemnul.
  6074 | D:6      | Found a staircase to the Ecumenical Temple.
  6164 | D:6      | Found a sacrificial altar of Ru.
  6303 | D:6      | Reached XP level 8. HP: 55/59 MP: 3/13
  6789 | D:6      | Offered knowledge of Sandblast by Vehumet.
  6833 | D:6      | Reached ** piety under Vehumet
  6896 | D:6      | Reached skill level 4 in Spellcasting
  7478 | D:6      | Learned a level 4 spell: Hailstorm
  7770 | D:6      | Reached skill level 5 in Spellcasting
  7772 | D:6      | Offered knowledge of Ignite Poison by Vehumet.
  7926 | D:6      | Found a shimmering blue altar of Sif Muna.
  7960 | D:6      | Reached skill level 1 in Ice Magic
  8304 | D:7      | Noticed Joseph
  8311 | D:7      | Reached *** piety under Vehumet
  8313 | D:7      | Killed Joseph
  8313 | D:7      | Reached XP level 9. HP: 64/64 MP: 6/16
  8318 | D:7      | Learned a level 3 spell: Ozocubu's Armour
  8707 | D:7      | Reached skill level 1 in Charms
  8709 | D:7      | Got a transparent war axe
  8709 | D:7      | Identified the cursed +1 war axe of Qingosits {flame,
                  | Int+6} (You found it on level 7 of the Dungeon)
  8768 | D:7      | Reached skill level 5 in Ice Magic
  8847 | D:7      | Offered knowledge of Sticky Flame by Vehumet.
  8894 | D:7      | Noticed Maggie
  8906 | D:7      | Killed Maggie
  8964 | D:7      | Learned a level 3 spell: Frozen Ramparts
  9245 | D:7      | Got an encrusted trident
  9298 | D:7      | Reached skill level 6 in Spellcasting
  9735 | D:8      | Identified the +6 trident of Immorality {vorpal, rN+} (You
                  | found it on level 7 of the Dungeon)
  9939 | Temple   | Entered the Ecumenical Temple
 10060 | Temple   | Identified a scroll of acquirement
 10060 | Temple   | Acquired a +2 hat of intelligence
 10131 | D:8      | Noticed Harold
 10140 | D:8      | Killed Harold
 10140 | D:8      | Reached skill level 7 in Spellcasting
 10140 | D:8      | Reached XP level 10. HP: 49/71 MP: 15/21
 10409 | D:8      | Reached **** piety under Vehumet
 10409 | D:8      | Reached skill level 8 in Spellcasting
 10486 | D:8      | Offered knowledge of Mephitic Cloud by Vehumet.
 11106 | D:8      | Noticed a rust devil
 11194 | D:8      | Reached skill level 9 in Spellcasting
 11610 | D:9      | Found a runed translucent gate.
 11610 | D:9      | Found a runed translucent gate.
 11610 | D:9      | Noticed an 11-headed hydra
 11610 | D:9      | Noticed an 11-headed hydra
 11610 | D:9      | Noticed hehateme's ghost (novice GnWz)
 11616 | D:9      | Learned a level 4 spell: Airstrike
 11621 | D:9      | Learned a level 4 spell: Summon Ice Beast
 11624 | D:9      | Learned a level 2 spell: Swiftness
 11630 | D:9      | Noticed an elephant
 11639 | D:9      | Reached skill level 1 in Axes
 11639 | D:9      | Reached skill level 1 in Summonings
 11639 | D:9      | Reached skill level 1 in Air Magic
 11645 | D:9      | Killed an elephant
 11650 | D:9      | Found a staircase to the Lair.
 11897 | D:9      | Found a runed translucent gate.
 11966 | D:9      | Found a shattered altar of Ashenzari.
 12084 | D:9      | Found a glowing golden altar of the Shining One.
 12855 | D:10     | Entered Level 10 of the Dungeon
 12870 | D:9      | Fell from the grace of Vehumet
 12870 | D:9      | Became a worshipper of Ashenzari the Shackled
 12912 | D:10     | Killed an unseen horror
 12920 | D:10     | Reached XP level 11. HP: 67/76 MP: 1/24
 13481 | D:10     | Reached skill level 5 in Axes
 15505 | D:11     | Found Joymef's Armour Shop.
 15637 | D:11     | Found a staircase to the Orcish Mines.
 15639 | D:11     | Found Gahuh's Weapon Shop.
 15710 | D:11     | Bought a +0 buckler for 67 gold pieces
 15999 | D:11     | Found Laazably's Gadget Shoppe.
 16674 | D:11     | Noticed a cyan ugly thing
 16680 | D:11     | Killed a cyan ugly thing
 17423 | D:12     | Reached * piety under Ashenzari
 18175 | D:12     | Found Jeba's Assorted Antiques.
 18201 | D:12     | Was forgiven by Vehumet
 18369 | D:12     | Killed an unseen horror
 19278 | D:11     | Reached skill level 5 in Air Magic
 19634 | D:12     | Identified the Catalogue of Freezing Arcane Weapons
 19712 | D:12     | Reached skill level 10 in Spellcasting
 19717 | D:12     | Demolished by a slime creature

Illustrated notes

Levels and vault maps discovered:
D:1:      lemuel_arrival_tunnels, layout_basic
D:2:      layout_basic, minmay_tetromino_t4
D:3:      layout_loops_ring, overflow_temple_1_default, fedhas_altar_3,
          columned_hall_lemuel
D:4:      layout_loops_ring, grunt_dithmenos_smoke, serial_bayou_pond_e,
          doesnt_xom_only_xom
D:5:      layout_basic, kennysheep_ying_yang, overflow_temple_1_default,
          lemuel_round_altar, kennysheep_mini, first_ration
D:6:      lemuel_castle_with_subvaults [lemuel_castle_interior_original],
          layout_basic, lemuel_blue_sif_altar, nicolae_ru_sacrificial_ziggurat,
          temple_hall, kennysheep_pointless_box
D:7:      layout_basic, uniq_maggie, uniq_joseph
D:8:      layout_cave_pods, serial_column_ruins, column_ruins_corridor_straight,
          column_ruins_grid_3, column_ruins_grid_1, column_ruins_columns_T,
          column_ruins_columns_plus, column_ruins_grid_1, grunt_livestock,
          uniq_harold
D:9:      layout_long_grid, nicolae_tso_swordbearing_angel, lemuel_doored_altar,
          david_lair_generic, gammafunk_ghost_hydra_chop,
          hangedman_decor_clover_reticule
D:10:     minmay_angry_zag, layout_basic, serial_bayou, serial_bayou_lagoon_a,
          serial_bayou_shore_b, serial_bayou_pond_d, serial_bayou_shore_a
D:11:     layout_loops_ring, orc_david_3, serial_shops, shop
D:12:     layout_gridville, serial_glass, glass_columns_b, glass_columns_a,
          serial_shops, nicolae_shop_trees, grunt_tough_drop
Temple:   compressed_dpeg_circular_temple

Skill      XL: |  1  2  3  4  5  6  7  8  9 10 11 |
---------------+----------------------------------+-----
Fighting       | 1 |  1.3
Conjurations   | 5 6 7 8 |  8.6
Short Blades   | 1 |  1.0
Translocations | 1 3 4 5 6 |  6.5
Spellcasting   | 3 5 7 9 10 | 10.0
Ice Magic      | 3 5 6 |  6.8
Charms         | 2 |  2.4
Axes           | 4 7 |  7.7
Summonings     | 2 |  2.5
Air Magic      | 2 5 |  5.0
Dodging        | |  1.7
Stealth        | |  1.7
Unarmed Combat | |  0.4

Action                   |  1- 3 |  4- 6 |  7- 9 | 10-12 || total
-------------------------+-------+-------+-------+-------++-------
Melee: Unarmed           |    12 |       |       |       ||    12
       Whip              |     5 |       |       |       ||     5
       Short sword       |    10 |    38 |    41 |       ||    89
       Tailslap          |       |     2 |     9 |    16 ||    27
       War axe           |       |       |    20 |   124 ||   144
       Punch             |       |       |       |     2 ||     2
 Cast: Magic Dart        |    50 |    43 |   229 |   112 ||   434
       Searing Ray       |     8 |    28 |    75 |    53 ||   164
       Iskenderun's Myst |       |       |    18 |    50 ||    68
       Hailstorm         |       |       |     4 |    13 ||    17
       Ozocubu's Armour  |       |       |     3 |     9 ||    12
       Frozen Ramparts   |       |       |     2 |     9 ||    11
       Airstrike         |       |       |       |     2 ||     2
Invok: Curse Item        |       |       |       |     3 ||     3
 Abil: Breathe Acid      |       |       |     1 |       ||     1
  Use: Scroll            |     4 |     5 |    14 |     4 ||    27
       Potion            |       |     1 |     1 |     7 ||     9
  Eat: Chunk             |     4 |    11 |    22 |    19 ||    56
       Ration            |       |       |     1 |     3 ||     4
Armor: Skin              |     6 |    20 |    55 |    92 ||   173
Dodge: Dodged            |    15 |    44 |    72 |   129 ||   260
Block: Buckler           |       |       |       |     5 ||     5
